 Dungeon Crawl Stone Soup version 0.26-a0-1086-g9010512d90 (webtiles) character file.

Game seed: 16858846704818037951

80194 Eryximachus the Alchemist (level 15, -10/159 HPs)
             Began as an Ogre Transmuter on Dec 14, 2020.
             Was the Champion of Ru.
             Mangled by a tentacle (13 damage)
             ... attached to a kraken
             ... on level 1 of the Shoals on Dec 15, 2020.
             The game lasted 02:06:30 (71510 turns).

Eryximachus the Alchemist (Ogre Transmuter)        Turns: 71510, Time: 02:06:31

Health: -10/159    AC:  9    Str: 23    XL:     15   Next: 66%
Magic:  0/17       EV: 10    Int: 14    God:    Ru [******]
Gold:   1599       SH:  0    Dex:  9    Spells: 5/20 levels left

rFire    . . .     SeeInvis .     - Unarmed
rCold    . . .     Faith    .   (shield unavailable)
rNeg     . . .     Spirit   +   L - +0 steam dragon scales
rPois    .         Reflect  .   (helmet restricted)
rElec    .         Harm     .   Q - +2 cloak
rCorr    .         Rampage  .   (gloves unavailable)
Will     +....                  (boots unavailable)
Stlth    +++.......             E - amulet of guardian spirit
HPRegen  0.36/turn              (ring unavailable)
MPRegen  0.15/turn              S - ring of Shadows {Umbra +Inv Stlth+}

@: blade hand (expiring), wereblooded, wreathed by umbra, studying Staves
A: large, unfitting armour, low mp 1, tough skin 1, missing a hand, inability to
train armour, inexperienced 1
a: End Transformation, Draw Out Power, Power Leap, Apocalypse, Renounce
Religion, Evoke Invisibility


You were on level 1 of the Shoals.
You worshipped Ru.
Ru was exalted by your worship.
You had blades for hand.
You visited 4 branches of the dungeon, and saw 21 of its levels.

You collected 2176 gold pieces.
You spent 577 gold pieces at shops.

Inventory:

Hand Weapons
 x - the +7 whip "Jatugh" (melded) {vorpal, rElec rC+ Dex+6}
   (You found it on level 7 of the Dungeon)

   It inflicts extra damage upon your enemies.
   It affects your dexterity (+6).
   It protects you from cold.
   It insulates you from electricity.
Missiles
 c - 5 throwing nets
 p - 4 atropa-tipped darts
 O - 17 poisoned darts (quivered)
Armour
 d - a scarf of harm
 D - a +0 cloak
 F - a +1 robe of willpower
 L - +0 steam dragon scales (worn)
 Q - a +2 cloak (worn)
Jewellery
 n - a +4 ring of evasion
 y - a +6 ring of dexterity
 A - an uncursed ring of fire
 E - an amulet of guardian spirit (around neck)
 M - an uncursed ring of wizardry
 S - the ring of Shadows (right scythe-like blade) {Umbra +Inv Stlth+}
   (You found it on level 11 of the Dungeon)

   [ring of stealth]

   It lets you turn invisible.
   It makes you more stealthy.
Wands
 a - a wand of iceblast (12)
 h - a wand of flame (19)
 s - a wand of enslavement (10)
 v - a wand of paralysis (16)
 I - a wand of disintegration (22)
 N - a wand of acid (20)
 R - a wand of digging (9)
 U - a wand of random effects (22)
Scrolls
 b - 7 scrolls of remove curse
 f - 10 scrolls of teleportation
 g - 3 scrolls of enchant weapon
 i - 6 scrolls of amnesia
 o - 2 scrolls of identify
 q - 6 scrolls of blinking
 r - 5 scrolls of immolation
 u - 6 scrolls of noise
 w - 2 scrolls of fog
 H - a scroll of silence
 J - 2 scrolls of random uselessness
 P - a scroll of magic mapping
 V - a scroll of brand weapon {unknown}
 W - a scroll of enchant armour {unknown}
Potions
 e - 2 potions of lignification
 j - 4 potions of might
 k - 3 potions of attraction
 l - 8 potions of curing
 m - 5 potions of brilliance
 t - 8 potions of heal wounds
 z - 4 potions of ambrosia
 B - 3 potions of flight
 C - a potion of mutation
 T - 2 potions of haste
 X - a potion of resistance
Books
 K - a manual of Staves
Miscellaneous
 G - a phial of floods


   Skills:
 + Level 13.1 Fighting
 - Level 2.0 Dodging
 + Level 15.0 Unarmed Combat
 - Level 3.0 Spellcasting
 - Level 15.0 Transmutations
 - Level 4.0 Ice Magic
 + Level 7.2 Evocations


You had 5 spell levels left.
You knew the following spells:

 Your Spells              Type           Power        Failure   Level
a - Beastly Appendage     Tmut           #####.       5%          1
b - Wereblood             Tmut           #####...     6%          2
c - Spider Form           Tmut/Pois      ###.......   26%         3
d - Ice Form              Ice/Tmut       ####....     30%         4
e - Blade Hands           Tmut           #####.....   17%         5

Your spell library contained the following spells:

 Spells                   Type           Power        Failure   Level
 Petrify                  Tmut/Erth      ###.....     45%         4
 Ensorcelled Hibernation  Hex/Ice        #.....       54%         2
 Corona                   Hex            #......      65%         1
 Yara's Violent Unravell  Hex/Tmut       ###.......   69%         5
 Slow                     Hex            #.......     75%         2
 Confusing Touch          Hex            #.......     89%         3
 Dazzling Flash           Conj/Hex       #.....       89%         3
 Gell's Gravitas          Tloc           #.........   89%         3
 Inner Flame              Hex/Fire       #.......     89%         3
 Portal Projectile        Hex/Tloc       #.....       89%         3
 Tukima's Dance           Hex            #.......     89%         3
 Cause Fear               Hex            #.........   99%         4
 Leda's Liquefaction      Hex/Erth       #.........   99%         4
 Metabolic Englaciation   Hex/Ice        #.........   99%         5


Dungeon Overview and Level Annotations

Branches:
Dungeon (12/15)            Temple (0/1) D:7            Lair (6/6) D:8
 Shoals (1/4) Lair:2       Spider (0/4) Lair:2        Slime (0/5) Lair:6
    Orc (2/2) D:11            Elf (0/3) Orc:2

Altars:
Ashenzari
Fedhas
Gozag
Hepliaklqana
Nemelex Xobeh
Okawaru
Qazlal
Ru
Sif Muna
Vehumet
Wu Jian
Xom
Yredelemnul
Jiyva

Shops:
D:9 [   D:11 ?   Orc:2 !}!**

Annotations:
D:6 exclusion: oklob plant
D:12 6 runed translucent doors
Lair:1 exclusion: 2 oklob plants
Lair:3 1 runed translucent door, Sizxitze's ghost, journeyman MfMo
Shoals:1 3 runed translucent doors, Karbivio's ghost, journeyman MiFi


Innate Abilities, Weirdness & Mutations

You are too large for most types of armour.
Your magical capacity is low. (-10% MP)
You have tough skin. (AC +1)
You are missing a hand.
You cannot train Armour skill.
You are somewhat inexperienced. (-2 XL)


Message History

You hit the tentacle.
The tentacle is heavily wounded.
The tentacle barely misses you. The tentacle slaps you! x4
* * * LOW HITPOINT WARNING * * *
The tentacle slaps you!
* * * LOW HITPOINT WARNING * * *
The tentacle slaps you.
* * * LOW HITPOINT WARNING * * *
A tentacle segment bursts forth from the water.
The kraken begins to attack, but is stunned by your conviction!
The tentacle slaps you.
* * * LOW HITPOINT WARNING * * *
The tentacle slaps you!!
* * * LOW HITPOINT WARNING * * *
You focus your will and blind the tentacle in retribution!
The tentacle slaps you but does no damage.
The tentacle barely misses you. The tentacle slaps you.
The tentacle closely misses you. The tentacle slaps you!
You die...

#≈≈≈≈≈≈≈#≈≈≈≈≈≈≈≈≈≈≈
#≈≈X≈≈≈≈#≈≈≈≈≈≈≈≈≈≈≈
#≈≈≈≈≈≈≈#≈≈≈≈≈≈≈≈≈≈≈
#≈≈≈≈≈≈≈#≈≈≈≈≈≈≈≈≈≈≈
#≈≈≈*≈≈≈#≈≈≈≈≈≈≈≈≈≈≈
#≈≈≈w≈≈≈#≈≈≈≈≈≈≈≈≈≈≈
#≈≈≈≈≈≈≈#≈≈≈≈≈≈≈≈≈≈≈
#≈8w8≈8≈#≈≈≈≈≈≈≈≈≈≈≈
#.w@w...#≈≈≈≈≈≈≈≈≈≈≈
#.......#≈≈≈≈≈≈≈≈≈≈≈
#.......#≈≈≈≈≈≈≈≈≈≈≈
#.8.8.8.#≈≈≈≈≈≈≈≈≈≈≈
#.......#≈≈≈≈≈≈≈≈≈≈≈
#.......#≈≈≈≈≈≈≈≈≈≈≈
#.......#≈≈≈≈≈≈≈≈≈≈≈
#.8.8.8.#≈≈≈≈≈≈≈≈≈≈≈
#.......#≈≈≈≈≈≈≈≈≈≈≈


You could see a kraken and 4 tentacles.

Vanquished Creatures
  A kraken (Shoals:1)
  Snorg (Lair:3)
  A merfolk javelineer (Shoals:1)
  Fannar (Lair:1)
  Harold (D:9)
  5 hydras
  4 catoblepae (Lair:6)
  A merfolk avatar (Shoals:1)
  A centaur warrior (Orc:2)
  Erica (D:10)
  3 two-headed ogres
  A merfolk aquamancer (Shoals:1)
  15 death yaks
  Nergalle (Lair:4)
  A skeletal warrior (D:12)
  An unseen horror (D:11)
  The ghost of Shayle the Skirmisher, a novice PaNe of Kikubaaqudgha (D:7)
  A lindwurm (Lair:6)
  2 orc knights (Orc:2)
  2 orc sorcerers
  3 ugly things
  8 fauns
  3 merfolk sirens
  A cyclops (Orc:2)
  7 manticores
  5 black mambas
  10 elephants
  Psyche (D:9)
  Maurice (D:11)
  Joseph (D:8)
  A water nymph (Shoals:1)
  10 cane toads
  A torpor snail (Lair:6)
  9 komodo dragons
  5 rime drakes
  The ghost of Clumpoid the Fighter, an amateur GnWn of Okawaru (D:5)
  3 polar bears
  4 merfolk (Shoals:1)
  2 trolls
  A hornet (D:12)
  A slime creature (D:12)
  Grinder (D:4)
  7 blink frogs
  4 dream sheep (Lair:6)
  3 snapping turtles (Shoals:1)
  3 shadows (D:11)
  A redback (Lair:2)
  A spriggan (Lair:3)
  A wraith (D:12)
  3 wyverns
  48 yaks
  Eustachio (D:5)
  A water elemental (Shoals:1)
  4 basilisks
  6 vampire mosquitoes (D:12)
  Grum (D:9)
  A steam dragon (Lair:4)
  3 wargs
  A soldier ant (D:10)
  13 water moccasins
  A swamp drake (D:8)
  34 orc warriors
  2 sky beasts
  3 ice beasts
  3 phantoms
  A necrophage (D:10)
  A hornet zombie (D:6)
  3 eyes of draining
  A boggart (D:12)
  16 ogres
  24 wolves
  21 centaurs
  A big kobold (D:11)
  15 bullfrogs
  A wyvern zombie (D:8)
  3 scorpions
  2 troll zombies (D:11)
  8 killer bees
  10 wights
  4 howler monkeys
  A spectral centaur (D:7)
  2 lava snakes (D:12)
  2 centaur zombies
  5 bullfrog zombies
  A quasit (D:11)
  19 orc priests
  A centaur skeleton (D:4)
  5 hounds
  6 jellies
  16 orc wizards
  3 bullfrog skeletons
  4 iguanas
  Jessica (D:2)
  Terence (D:2)
  6 hell rats (Lair:1)
  11 worker ants
  3 ogre zombies (D:11)
  2 bullfrog simulacra (D:5)
  2 centaur simulacra (D:5)
  A hound zombie (D:6)
  A spectral worker ant (D:7)
  2 hound skeletons
  A spectral howler monkey (D:7)
  A worker ant zombie (D:7)
  4 gnolls (D:6)
  13 adders
  7 river rats (Lair:1)
  2 shadow imps (D:6)
  3 white imps
  A worker ant simulacrum (D:5)
  3 ufetubi
  2 oozes
  4 worms
  2 dart slugs (D:1)
  An adder simulacrum (D:7)
  4 leopard geckos
  88 orcs
  A ball python (D:3)
  6 giant cockroaches
  8 hobgoblins
  3 jackals (D:5)
  11 kobolds
  6 quokkas
  8 bats
  8 frilled lizards
  9 goblins
  A goblin skeleton (D:11)
  5 goblin zombies (D:11)
  3 hobgoblin zombies (D:11)
  A jackal skeleton (D:7)
  2 leopard gecko skeletons
  A leopard gecko zombie (D:9)
  An orc skeleton (D:11)
  9 orc zombies (D:11)
  A quokka skeleton (D:8)
  8 rats
  A bush (Lair:6)
  3 tentacles (Shoals:1)
707 creatures vanquished.

Vanquished Creatures (collateral kills)
  A hydra (Lair:1)
1 creature vanquished.

Vanquished Creatures (others)
  A hydra (Lair:6)
  An orc warrior (Orc:2)
  An ogre (D:8)
  A wolf (Lair:6)
  An ogre zombie (D:11)
  2 orcs
  65 fungi
  138 plants
  3 tentacles (Shoals:1)
213 creatures vanquished.

Grand Total: 921 creatures vanquished

Notes
Turn   | Place    | Note
-------+----------+-------------------------------------------
     0 | D:1      | Eryximachus the Ogre Transmuter began the quest for the
                  | Orb.
     0 | D:1      | Reached XP level 1. HP: 19/19 MP: 3/3
   808 | D:1      | Reached XP level 2. HP: 26/27 MP: 3/5
   811 | D:1      | Learned a level 2 spell: Wereblood
  1870 | D:1      | Reached XP level 3. HP: 31/35 MP: 7/7
  2102 | D:1      | Learned a level 3 spell: Spider Form
  3393 | D:2      | Reached XP level 4. HP: 42/42 MP: 4/8
  3914 | D:2      | Found a sacrificial altar of Ru.
  4018 | D:2      | Became a worshipper of Ru the Awakened
  4077 | D:2      | Noticed Jessica
  4083 | D:2      | Noticed Terence
  4087 | D:2      | Killed Jessica
  4092 | D:2      | Killed Terence
  4093 | D:2      | Reached XP level 5. HP: 49/49 MP: 2/9
  4683 | D:3      | You fall into a shaft and drop 3 floors!
  4796 | D:5      | Entered Level 5 of the Dungeon
  4796 | D:5      | Noticed an ogre
  5374 | D:3      | Found an ornate altar of the Wu Jian Council.
  5399 | D:3      | Learned a level 4 spell: Ice Form
  5958 | D:3      | Reached skill level 1 in Ice Magic
  6680 | D:4      | Reached XP level 6. HP: 45/57 MP: 4/10
  6970 | D:4      | Noticed a phantom
  6988 | D:4      | Gained mutation: You are somewhat inexperienced. (-2 XL)
                  | [Ru sacrifice]
  6988 | D:4      | Reached XP level 5. HP: 43/49 MP: 8/9
  6988 | D:4      | Reached XP level 4. HP: 42/42 MP: 8/8
  6988 | D:4      | Reached * piety under Ru
  6988 | D:4      | Reached ** piety under Ru
  7174 | D:4      | Killed a phantom
  7175 | D:4      | Reached XP level 5. HP: 38/49 MP: 7/9
  7458 | D:4      | Reached skill level 5 in Transmutations
  8264 | D:4      | Noticed Grinder
  8318 | D:5      | Noticed a centaur
  8364 | D:4      | Reached XP level 6. HP: 56/57 MP: 6/10
  8425 | D:5      | Found a sparkling altar of Nemelex Xobeh.
  8513 | D:5      | Noticed a phantom
  8537 | D:5      | Killed a phantom
  9409 | D:5      | Reached XP level 7. HP: 57/66 MP: 5/11
  9554 | D:5      | Found a runed translucent gate.
  9554 | D:5      | Found a runed translucent gate.
  9587 | D:5      | Found a runed translucent gate.
  9986 | D:5      | Noticed Eustachio
 10451 | D:5      | Noticed Clumpoid's ghost (amateur GnWn)
 10501 | D:5      | Killed Eustachio
 10502 | D:5      | Reached XP level 8. HP: 78/78 MP: 3/12
 11002 | D:5      | Found a hazy altar of Hepliaklqana.
 11514 | D:5      | Reached skill level 5 in Unarmed Combat
 12994 | D:6      | Found an opulent altar of Gozag.
 13177 | D:6      | Gained mutation: You cannot train Armour skill. [Ru
                  | sacrifice]
 13177 | D:6      | Reached *** piety under Ru
 13583 | D:6      | Found a sacrificial altar of Ru.
 13763 | D:6      | Found a blossoming altar of Fedhas.
 13774 | D:6      | Noticed an oklob plant
 13957 | D:6      | Reached XP level 9. HP: 84/84 MP: 9/13
 14410 | D:7      | Found an iron altar of Okawaru.
 14499 | D:7      | Got an iridescent whip
 14505 | D:7      | Identified the +7 whip "Jatugh" {vorpal, rElec rC+ Dex+6}
                  | (You found it on level 7 of the Dungeon)
 14740 | D:7      | Found a staircase to the Ecumenical Temple.
 15548 | D:7      | Found a runed translucent gate.
 15551 | D:7      | Found a runed translucent gate.
 15551 | D:7      | Found a runed translucent gate.
 15553 | D:7      | Noticed Shayle's ghost (novice PaNe)
 16004 | D:8      | Found a broken altar of Ashenzari.
 16011 | D:8      | Noticed a two-headed ogre
 16258 | D:8      | Reached skill level 5 in Fighting
 16350 | D:8      | Found a shimmering blue altar of Sif Muna.
 16376 | D:8      | Noticed Joseph
 17475 | D:8      | Gained mutation: You are missing a hand. [Ru sacrifice]
 17475 | D:8      | Reached **** piety under Ru
 17475 | D:8      | Reached ***** piety under Ru
 17751 | D:8      | Found a radiant altar of Vehumet.
 17949 | D:8      | Killed Joseph
 18499 | D:8      | Reached XP level 10. HP: 100/100 MP: 8/14
 18924 | D:8      | Found a staircase to the Lair.
 19173 | D:8      | Killed a two-headed ogre
 19174 | D:8      | Reached skill level 10 in Transmutations
 19251 | D:8      | Got a faintly glowing jade ring
 19253 | D:8      | Identified the ring "Puthed" {*Tele +Inv rElec Str+4 Int-3}
                  | (You found it on level 8 of the Dungeon)
 19818 | D:9      | Learned a level 5 spell: Blade Hands
 19991 | D:9      | Found Tarawuzo's Armour Shop.
 20229 | D:9      | Noticed Psyche
 20242 | D:9      | Killed Psyche
 20641 | D:9      | Noticed Harold
 20650 | D:9      | Killed Harold
 20888 | D:9      | Gained mutation: Your magical capacity is low. (-10% MP)
                  | [Ru sacrifice]
 20888 | D:9      | Reached ****** piety under Ru
 21513 | D:9      | Reached XP level 11. HP: 89/110 MP: 2/13
 22014 | D:9      | Noticed Grum
 22028 | D:9      | Killed Grum
 22570 | Lair:1   | Entered Level 1 of the Lair of Beasts
 22590 | Lair:1   | Noticed a six-headed hydra
 22613 | Lair:1   | Killed a six-headed hydra
 23353 | Lair:1   | Noticed Fannar
 23364 | Lair:1   | Killed Fannar
 24183 | Lair:1   | Noticed a six-headed hydra
 24652 | Lair:1   | Noticed an oklob plant
 24652 | Lair:1   | Noticed an oklob plant
 24652 | Lair:1   | Noticed an oklob plant
 26890 | Lair:2   | Found a hole to the Spider Nest.
 27510 | Lair:2   | Reached XP level 12. HP: 113/119 MP: 5/14
 27809 | Lair:2   | Found a staircase to the Shoals.
 27905 | Lair:3   | Noticed Snorg
 28586 | Lair:2   | Reached skill level 10 in Unarmed Combat
 29914 | Lair:3   | Killed Snorg
 30155 | Lair:3   | Noticed Sizxitze's ghost (journeyman MfMo)
 30158 | Lair:3   | Found a runed translucent door.
 30722 | Lair:3   | Got an ichor-stained hand axe
 30777 | Lair:3   | Identified the +7 hand axe "Tuihiew" {vorpal, rN+ Dex+2}
                  | (You found it on level 3 of the Lair of Beasts)
 32348 | Lair:3   | Found a runed translucent door.
 33827 | Lair:4   | Noticed Nergalle
 33854 | Lair:4   | Killed Nergalle
 33889 | Lair:4   | Noticed a six-headed hydra
 33980 | Lair:4   | Reached skill level 15 in Transmutations
 34005 | Lair:4   | HP: 1/119 [komodo dragon (23)]
 34868 | D:4      | Found a stormy altar of Qazlal.
 34868 | D:4      | Found a basalt altar of Yredelemnul.
 34995 | D:4      | Killed Grinder
 34996 | D:4      | Reached XP level 13. HP: 127/127 MP: 9/15
 35087 | D:5      | Killed Clumpoid's ghost
 35314 | D:7      | Killed Shayle's ghost
 38132 | Lair:5   | Reached skill level 10 in Fighting
 40392 | Lair:6   | Entered Level 6 of the Lair of Beasts
 41003 | Lair:6   | Reached skill level 1 in Evocations
 41359 | Lair:6   | Found a shimmering altar of Xom.
 41751 | Lair:6   | Reached XP level 14. HP: 123/149 MP: 9/16
 41941 | Lair:6   | Found a runed translucent door.
 44943 | Lair:6   | Found a viscous altar of Jiyva.
 44945 | Lair:6   | Found a staircase to the Slime Pits.
 48123 | Lair:6   | Reached skill level 5 in Evocations
 50400 | D:10     | Entered Level 10 of the Dungeon
 50409 | D:10     | Noticed Erica
 51342 | D:10     | Killed Erica
 54661 | D:11     | Found Qazod's Magic Scroll Shoppe.
 54670 | D:11     | Bought a scroll of identify for 26 gold pieces
 54714 | D:11     | Found a staircase to the Orcish Mines.
 55343 | D:11     | Noticed Maurice
 55351 | D:11     | Killed Maurice
 55521 | D:11     | Found the ring of Shadows {Umbra +Inv Stlth+}
 55916 | D:11     | Found Qazod's Magic Scroll Shoppe.
 55938 | D:11     | Found a staircase to the Orcish Mines.
 56487 | Orc:1    | Entered Level 1 of the Orcish Mines
 57002 | Orc:2    | Entered Level 2 of the Orcish Mines
 57002 | Orc:2    | Found Acewuv's Assorted Antiques.
 57473 | Orc:2    | Bought 2 viscous silvery potions for 36 gold pieces
 57618 | Orc:2    | Found a staircase to the Elven Halls.
 58730 | Orc:1    | Reached XP level 15. HP: 50/156 MP: 4/17
 61472 | Orc:2    | Found Uxemoupp's Distillery.
 61472 | Orc:2    | Found Niesued's Gadget Emporium.
 61474 | Orc:2    | Found Zimofon's Distillery.
 61476 | Orc:2    | Found Catain's Assorted Antiques.
 61488 | Orc:2    | Bought a scroll of blinking for 315 gold pieces
 61490 | Orc:2    | Bought a potion of heal wounds for 70 gold pieces
 61493 | Orc:2    | Bought 2 potions of heal wounds for 130 gold pieces
 64717 | D:12     | Found a runed translucent gate.
 64717 | D:12     | Found a runed translucent gate.
 64717 | D:12     | Found a runed translucent gate.
 65051 | D:12     | Found the +7 lajatang of Order {silver, rMut}
 65052 | D:12     | Noticed a fire giant
 66116 | D:12     | Found a runed translucent gate.
 66116 | D:12     | Found a runed translucent gate.
 66116 | D:12     | Found a runed translucent gate.
 66174 | D:12     | Identified the ring "Zeimenki" {Fire +Inv Int+3 Dex-3 SInv}
 66537 | Shoals:1 | Entered Level 1 of the Shoals
 66544 | Shoals:1 | HP: 6/158 [faun/stone (3)]
 68053 | Shoals:1 | Found a runed translucent gate.
 68053 | Shoals:1 | Found a runed translucent gate.
 68056 | Shoals:1 | Noticed a kraken
 68397 | Shoals:1 | Killed a kraken
 68976 | Shoals:1 | Found a runed translucent gate.
 70103 | Shoals:1 | Noticed Karbivio's ghost (journeyman MiFi)
 70480 | Shoals:1 | Reached skill level 15 in Unarmed Combat
 71497 | Shoals:1 | Found a sacrificial altar of Ru.
 71502 | Shoals:1 | Noticed a kraken
 71509 | Shoals:1 | HP: 3/159 [tentacle[a kraken] (21)]
 71510 | Shoals:1 | Mangled by a tentacle

Illustrated notes

Levels and vault maps discovered:
D:1:      dpeg_arrival_round_b, layout_loops_ring, serial_bayou_ford_a,
          minmay_hexomino_c4
D:2:      layout_rooms, nicolae_ru_the_path_less_chosen, uniq_terence,
          uniq_jessica
D:3:      layout_loops_ring, overflow_temple_1_default, grunt_ministairs_11,
          st_stairs_11, chequers_serial_rivers_micro_a
D:4:      layout_gridville, amethyst_overflow_temple_binary, glass_columns_a,
          uniq_grinder
D:5:      layout_basic, nemelex_altar_shiori, kennysheep_mini_moat,
          gammafunk_ghost_icy, guppyfry_early_lair_pool, uniq_eustachio
D:6:      layout_layer_cave, tgw_fedhas, grunt_gozag_breadcrumbs, basic_altar,
          minmay_misc_feat_room
D:7:      layout_loops_ring, lemuel_crystal_altar, minmay_temple_entry_mist,
          gammafunk_ghost_necromancy
D:8:      layout_gridville, kennysheep_mini, old_standard_altar,
          erik_lair_dragon, eino_small_chamber_without_monster,
          cheibrodos_ashenzari_chains, uniq_joseph
D:9:      layout_loops_corners, serial_shops, nicolae_shop_waterfront,
          uniq_psyche, uniq_harold, uniq_grum
D:10:     layout_basic, uniq_erica
D:11:     layout_basic, zombieorc1_lemuel, serial_shops,
          nicolae_shop_behind_doors, uniq_maurice
D:12:     kennysheep_treasure_stockpile, layout_loops_ring
Lair:1:   layout_long_grid, kennysheep_abandoned_house, grunt_megastairs_3,
          minmay_lair_oklob_chamber, lemuel_fruit_fields,
          infiniplex_staircase_pool_2, uniq_fannar
Lair:2:   layout_long_grid, elwin_shoals_entry_rooms, spider_nest_entry_a,
          serial_bayou_shore_b
Lair:3:   layout_cellular_growth, hellmonk_ghost_happy_afterlife,
          grunt_forest_large_clearing_hut, lemuel_fruit_tree, uniq_snorg
Lair:4:   layout_cave_pods, chequers_serial_rivers_micro_a, grunt_megastairs_1,
          uniq_nergalle
Lair:5:   layout_hall_layers
Lair:6:   evilmike_catoblepas_cave, layout_small_grid, slime_altar_2,
          basic_altar, chequers_serial_rivers_micro_a, st_stairs_4,
          serial_bayou_crossing
Shoals:1: layout_shoals, gammafunk_ghost_necromancy, wheals_shoals_ruined_temple
Orc:1:    layout_caves, nicolae_orc_bridge_out
Orc:2:    st_orc_rangers, layout_diamond_mine, serial_shops,
          nicolae_shop_temple_entry_statues_fountains

Skill      XL: |  1  2  3  4  5  6  7  8  9 10 11 12 13 14 15 |
---------------+----------------------------------------------+-----
Transmutations | 2 3 5 6 7 9 10 12 15 | 15.0
Dodging        | 2 |  2.0
Fighting       | 2 4 6 8 12 13 | 13.1
Unarmed Combat | 3 4 6 8 9 10 11 14 15 | 15.0
Spellcasting   | 3 |  3.0
Ice Magic      | 3 4 |  4.0
Evocations     | 2 6 7 |  7.2

Action                   |  1- 3 |  4- 6 |  7- 9 | 10-12 | 13-15 || total
-------------------------+-------+-------+-------+-------+-------++-------
Melee: Club              |    15 |       |       |       |       ||    15
       Unarmed           |     8 |   105 |   186 |   383 |   821 ||  1503
       Kick              |    11 |    10 |     1 |     3 |       ||    25
       Whip              |    78 |    63 |    47 |    57 |    86 ||   331
       Headbutt          |    10 |     3 |     2 |       |       ||    15
       War axe           |       |    28 |    54 |       |       ||    82
       Spear             |       |     9 |       |       |       ||     9
       Punch             |       |     3 |     2 |       |       ||     5
Throw: Dart              |       |     2 |     2 |     5 |     4 ||    13
 Cast: Beastly Appendage |    29 |    13 |     2 |     1 |     2 ||    47
       Wereblood         |     2 |     3 |    14 |    20 |    60 ||    99
       Spider Form       |     1 |    13 |     1 |     1 |       ||    16
       Ice Form          |       |     4 |    26 |    13 |     8 ||    51
       Blade Hands       |       |       |       |    66 |   140 ||   206
Invok: Sacrifice Experie |       |     1 |       |       |       ||     1
       Sacrifice Durabil |       |       |     1 |       |       ||     1
       Sacrifice a Hand  |       |       |     1 |       |       ||     1
       Sacrifice Essence |       |       |       |     1 |       ||     1
 Abil: End Transformatio |       |       |       |     1 |       ||     1
Evoke: Wand              |       |       |       |     1 |    15 ||    16
  Use: Scroll            |     3 |     3 |     9 |     9 |     9 ||    33
       Potion            |       |       |       |     6 |     2 ||     8
 Stab: Invisible         |       |       |     2 |       |    15 ||    17
       Sleeping          |       |       |     2 |       |     2 ||     4
       Distracted        |       |       |     1 |     3 |     3 ||     7
       Paralysed         |       |       |       |    20 |    23 ||    43
       Confused          |       |       |       |     2 |       ||     2
       Petrified         |       |       |       |       |     2 ||     2
Armor: Robe              |    27 |    24 |    35 |    43 |     4 ||   133
       Skin              |       |     8 |    23 |     4 |    11 ||    46
       Steam dragon scal |       |       |       |       |   224 ||   224
Dodge: Dodged            |    57 |   165 |   229 |   258 |   417 ||  1126
Block: Kite shield       |       |       |     5 |       |       ||     5

Table legend: (Time is in decaauts)
 A = Elapsed time spent in this place.
 B = Non-inter-level travel time spent in this place.
 C = Inter-level travel time spent in this place.
 D = Time resting spent in this place.
 E = Time spent auto-exploring this place.
 F = Levels seen in this place.
 G = Mean time per level.
                   A        B        C        D        E       F      G
               +--------+--------+--------+--------+--------+-----+--------+
         Total |  71611 |  69479 |   2132 |  45277 |  12912 |  21 | 3410.0 |
       Dungeon |  33315 |  32134 |   1181 |  18812 |   6836 |  12 | 2776.2 |
          Lair |  27962 |  27155 |    807 |  18637 |   5082 |   6 | 4660.3 |
        Shoals |   4072 |   4072 |      0 |   3091 |    442 |   1 | 4072.0 |
  Orcish Mines |   6262 |   6118 |    144 |   4737 |    551 |   2 | 3131.0 |
               +--------+--------+--------+--------+--------+-----+--------+

Top non-repeatable levels by time:
  Lair:6: 7091 daAuts
  Lair:5: 5350 daAuts
  Lair:3: 5073 daAuts
  Lair:1: 4411 daAuts
  Lair:2: 4090 daAuts
Shoals:1: 4072 daAuts
    D:11: 3620 daAuts
   Orc:1: 3558 daAuts
     D:8: 3477 daAuts
     D:4: 3410 daAuts
    D:12: 3238 daAuts
     D:9: 3183 daAuts
     D:1: 2974 daAuts
     D:5: 2881 daAuts
   Orc:2: 2703 daAuts
